 Seeded DCSS version 0.29.1-15-g9cfb28693d (webtiles) character file.

Game seed: 1 (custom seed)

139 Kazon the Covered (level 5, 0/41 HPs)
             Began as a Demonspawn Fighter on Apr 25, 2023.
             Killed by divine providence
             ... invoked by an orc priest
              (7 damage)
             ... on level 3 of the Dungeon.
             The game lasted 00:07:33 (1766 turns).

Kazon the Covered (Demonspawn Fighter)              Turns: 1766, Time: 00:07:33

Health: 0/41       AC: 12    Str: 16    XL:     5   Next: 1%
Magic:  5/5        EV:  8    Int: 11    God:
Gold:   206        SH:  5    Dex: 18    Spells: 4/4 levels left

rFire   . . .      SeeInvis .   e - +2 dagger (venom)
rCold   . . .      Faith    .   c - +0 buckler
rNeg    + + .      Spirit   .   n - +0 scale mail
rPois   .          Reflect  .   l - +0 helmet
rElec   .          Harm     .   (no cloak)
rCorr   .          Rampage  .   f - +0 pair of gloves of the Orange {Drain rN++ Dex+5}
Will    .....                   o - +2 pair of boots
Stlth   ..........              (no amulet)
HPRegen 0.13/turn               (no ring)
MPRegen 0.09/turn               (no ring)

@: no status effects
A: powered by death 1, spiny 1
a: no special abilities


You were on level 3 of the Dungeon.
You visited 1 branch of the dungeon, and saw 3 of its levels.

You collected 206 gold pieces.

Inventory:

Hand Weapons
 a - a +0 long sword
 e - a +2 dagger of venom (weapon)
Missiles
 j - 12 stones (quivered)
 m - 3 boomerangs
 r - a throwing net
Armour
 c - a +0 buckler (worn)
 f - the +0 pair of gloves of the Orange (worn) {Drain rN++ Dex+5}
   (You acquired it on level 1 of the Dungeon)

   Dex:       It affects your dexterity (+5).
   rN:        It greatly protects you from negative energy.
   Drain:     It drains your maximum health when unequipped.
 l - a +0 helmet (worn)
 n - a +0 scale mail (worn)
 o - a +2 pair of boots (worn)
Jewellery
 g - an amulet of the acrobat
Scrolls
 i - 3 scrolls of identify {unknown}
 p - a scroll of immolation {unknown}
 s - a scroll of fog {unknown}
Potions
 b - 2 potions of berserk rage {unknown}
 d - a potion of might
 h - a potion of flight {unknown}
 k - a potion of attraction {unknown}
 q - a potion of haste {unknown}


   Skills:
 + Level 3.3 Fighting
 + Level 0.2(2.0) Short Blades
 + Level 3.4 Long Blades
 + Level 3.5 Armour
 + Level 0.2 Stealth
 + Level 3.2 Shields


You had 4 spell levels left.
You didn't know any spells.
Your spell library contained the following spells:

 Spells                   Type           Power      Damage    Failure   Level
 Apportation              Tloc           0%         N/A       86%         1
 Necrotise                Necr           0%         1d4       86%         1
 Sting                    Tmut/Pois      0%         1d3       86%         1
 Summon Small Mammal      Summ           0%         N/A       86%         1
 Poisonous Vapours        Pois/Air       0%         N/A       94%         2
 Olgreb's Toxic Radiance  Pois           0%         N/A       100%        4


Dungeon Overview and Level Annotations

Branches:
Dungeon (3/15)

Altars:

Shops:
D:3 (


Innate Abilities, Weirdness & Mutations

You regenerate a little health from kills.
You are partially covered in sharp spines.


Message History

The orc is severely wounded.
You kill the orc!
You hit the orc.
The orc looks as sick as possible!
The orc is severely wounded.
The orc is struck by your spines.
You kill the orc!
The orc priest calls down the wrath of Beogh upon you.
Beogh smites you!
You have reached level 5!
You hit the orc.
The orc is moderately wounded.
The orc hits you but does no damage.
You barely miss the orc.
The orc is moderately wounded.
The orc hits you with a +0 club.
The orc priest begins to cast a cantrip, but forgets the words!
You closely miss the orc.
The orc is moderately wounded.
The orc priest miscasts a cantrip.
The orc is struck by your spines. The orc hits you but does no damage.
You hit the orc.
The orc is poisoned.
The orc is almost dead.
The orc is struck by your spines.
You kill the orc!
The orc priest invokes the aid of Beogh against you.
Beogh smites you!
* * * LOW HITPOINT WARNING * * *
The orc is struck by your spines. The orc hits you with a +0 club.
* * * LOW HITPOINT WARNING * * *
There is an open door here.
Items here: ( ))) [ †††.
You closely miss the orc priest.
The orc priest is struck by your spines.
The orc priest hits you but does no damage.
You block the orc's attack.
You hit the orc priest.
The orc priest is poisoned.
The orc priest is heavily wounded.
The orc priest mumbles some strange prayers to Beogh against you.
Beogh smites you!
You die...

# #.# #........###.##
#
########.............
#..........†#
#...........#
###########.# #.#
####### #.#
......o##.##
......o@...###.##
.......##.......#
....... #...###..
.#..... ##.># .......
#... .#..... ####
....... .#.....


You could see an orc priest (very poisoned) and an orc.

Vanquished Creatures
  Robin (D:3)
  3 gnolls (D:2)
  4 adders
  A worm (D:2)
  3 orcs (D:3)
  8 endoplasms
  A giant cockroach (D:1)
  13 goblins
  7 hobgoblins
  3 kobolds
  A quokka (D:1)
  2 ball pythons (D:2)
  3 bats
  3 frilled lizards
  3 rats (D:1)
56 creatures vanquished.

Notes
Turn   | Place    | Note
-------+----------+-------------------------------------------
     0 | D:1      | Kazon the Demonspawn Fighter began the quest for the Orb.
     0 | D:1      | Reached XP level 1. HP: 18/18 MP: 1/1
    49 | D:1      | Identified a scroll of acquirement
    50 | D:1      | Acquired the +0 pair of gloves of the Orange {Drain rN++
                  | Dex+5}
   407 | D:1      | Gained mutation: You are partially covered in sharp spines.
                  | [demonic ancestry]
   407 | D:1      | Reached XP level 2. HP: 24/24 MP: 2/2
  1025 | D:2      | Gained mutation: You regenerate a little health from kills.
                  | [demonic ancestry]
  1025 | D:2      | Reached XP level 3. HP: 19/29 MP: 3/3
  1397 | D:2      | Reached XP level 4. HP: 32/35 MP: 4/4
  1524 | D:3      | Found Umat's Antique Weapon Boutique.
  1714 | D:3      | Noticed Robin
  1728 | D:3      | Killed Robin
  1760 | D:3      | Reached XP level 5. HP: 19/41 MP: 5/5
  1766 | D:3      | Killed from afar by an orc priest

Illustrated notes

Levels and vault maps discovered:
D:1:      dpeg_arrival_three_smaller_balls, layout_basic
D:2:      layout_loops_ring
D:3:      layout_basic, serial_shops, nicolae_shop_stone, st_stairs_9,
          minmay_misc_feat_doors, eino_curves_03, uniq_robin

Skill      XL: |  1  2  3 |
---------------+----------+-----
Shields        | 3 |  3.2
Long Blades    | 2 3 |  3.4
Armour         | 3 |  3.5
Fighting       | |  3.3
Short Blades   | |  0.2
Stealth        | |  0.2

Action                   |  1- 3 |  4- 6 || total
-------------------------+-------+-------++-------
Melee: Long sword        |    79 |       ||    79
       Dagger            |     6 |    49 ||    55
Throw: Stone             |     7 |     7 ||    14
  Use: Scroll            |     1 |       ||     1
Armor: Scale mail        |    49 |    13 ||    62
Dodge: Dodged            |    31 |    13 ||    44
Block: Buckler           |    26 |     7 ||    33
